 Dungeon Crawl Stone Soup version 0.29-a0-333-gb4c28e87c6 (webtiles) character file.

Game seed: 699365301062995027

67 Jortsu the Skirmisher (level 3, -1/29 HPs)
             Began as a Demonspawn Fighter on Apr 13, 2022.
             Was a Priest of Jiyva.
             Killed by divine providence
             ... invoked by an orc priest
              (16 damage)
             ... on level 3 of the Dungeon.
             The game lasted 00:03:39 (1260 turns).

Jortsu the Skirmisher (Demonspawn Fighter)          Turns: 1260, Time: 00:03:40

Health: -1/29      AC:  7    Str: 18    XL:     3   Next: 98%
Magic:  3/3        EV:  9    Int:  9    God:    Jiyva [***...]
Gold:   84         SH:  4    Dex: 12    Spells: 2/2 levels left

rFire   + . .      SeeInvis .   a - +0 war axe
rCold   . . .      Faith    .   c - +0 buckler
rNeg    . . .      Spirit   .   b - +0 scale mail
rPois   .          Reflect  .   (no helmet)
rElec   .          Harm     .   (no cloak)
rCorr   +          Rampage  .   (no gloves)
Will    +....      Clarity  +   e - +0 pair of boots
Stlth   ..........              (no amulet)
HPRegen 1.21/turn               l - ring of willpower
MPRegen 0.43/turn               (no ring)

@: lethally poisoned (-1 -> -2)
A: demonic magic 1, clarity, fire resistance 1, wild magic 3
a: Renounce Religion, Oozemancy


You were on level 3 of the Dungeon.
You worshipped Jiyva.
Jiyva was most pleased with you.
You visited 1 branch of the dungeon, and saw 4 of its levels.

You collected 84 gold pieces.

Inventory:

Hand Weapons
 a - a +0 war axe (weapon)
Armour
 b - a +0 scale mail (worn)
 c - a +0 buckler (worn)
 e - a +0 pair of boots (worn)
Jewellery
 l - a ring of willpower (left hand)
 o - an amulet of magic regeneration
Wands
 h - a wand of iceblast (9)
 p - a wand of acid (9)
Scrolls
 f - a scroll of enchant weapon {unknown}
 g - a scroll of identify
 i - a scroll of summoning {unknown}
 m - a scroll of teleportation {unknown}
Potions
 d - a potion of might
 j - a potion of degeneration {unknown}
 k - a potion of heal wounds
 n - a potion of brilliance {unknown}
 q - a potion of curing


   Skills:
 + Level 3.3 Fighting
 + Level 3.0 Axes
 + Level 3.0 Armour
 + Level 0.3 Dodging
 + Level 3.0 Shields


You had 2 spell levels left.
You didn't know any spells.
Your spell library contained the following spells:

 Spells                   Type           Power      Damage    Failure   Level
 Shock                    Conj/Air       0%         1d3       96%         1
 Swiftness                Air            0%         N/A       100%        3
 Airstrike                Air            0%         N/A       100%        4
 Animate Armour           Summ/Erth      0%         N/A       100%        4
 Blade Hands              Tmut           0%         N/A       100%        5
 Iron Shot                Conj/Erth      0%         9d1       100%        6


Dungeon Overview and Level Annotations

Branches:
Dungeon (4/15)             Temple (0/1) D:4

Altars:
Jiyva

Annotations:
D:4 Grinder


Innate Abilities, Weirdness & Mutations

Spells you cast may paralyse adjacent enemies.
You possess an exceptional clarity of mind.
Your flesh is heat resistant. (rF+)
Your spells are much harder to cast, but much more powerful.


Message History

You block the jackal's attack.
The jackal bites you but does no damage.
You barely miss the jackal.
The jackal is moderately wounded.
The jackal bites you but does no damage. x2
You hit the jackal.
The jackal is heavily wounded.
The jackal bites you but does no damage. x2
You hit the jackal.
You kill the jackal!
There is an escape hatch in the ceiling here.
You hear a distant slurping noise.
You hear a distant slurping noise.
An orc comes into view. It is wielding a +0 whip of venom.
An orc comes into view. It is wielding a +0 club.
Jiyva alters your body.
Your connection to magic feels less subdued.
Your magic regains its normal vibrancy.
You feel less in control of your magic. x2
You feel your magical power running wild!
An orc and 2 orc priests come into view.
An orc priest is wielding a +2 falchion of holy wrath.
The orc shouts!
The orc priest shouts! x2; The orc shouts!
The orc hits you but does no damage.
You are poisoned.
The orc priest invokes the aid of Beogh against you.
Beogh smites you!
The orc priest moves out of view.
You feel sick.
You hit the orc but do no damage.
You feel sick. You block the orc's attack.
You barely miss the orc.
You feel sick. The orc closely misses you.
You hit the orc.
The orc is heavily wounded.
You feel sick. The orc hits you but does no damage.
The orc priest casts a cantrip, but nothing happens.
You slash the orc!
You kill the orc!
You feel sick.
The orc priest invokes the aid of Beogh against you.
Beogh smites you!
Ouch! That really hurt!
You die...

#......#+##### #
#............#.#
#######......#.##
#.........J
##.....#.#
#.....# ##....#
#....# #.@###
##o#
..........o....
....###..o..o.#
.. ...o....#
#.......#
#.......#
#.......#
#...^...#


You could see an orc priest and 2 orcs.

Vanquished Creatures
  An iguana (D:4)
  A dart slug (D:1)
  2 orcs
  4 ball pythons
  12 giant cockroaches
  2 goblins
  3 hobgoblins
  5 jackals
  4 quokkas
  2 bats
  2 frilled lizards
  4 kobolds
  4 rats (D:1)
46 creatures vanquished.

Vanquished Creatures (others)
  A howler monkey (D:4)
  4 jellies (D:4)
  A hobgoblin (D:4)
  A ball python (D:2)
  2 frilled lizards
  A kobold (D:3)
  A rat (D:3)
  3 plants (D:4)
14 creatures vanquished.

Grand Total: 60 creatures vanquished

Notes
Turn   | Place    | Note
-------+----------+-------------------------------------------
     0 | D:1      | Jortsu the Demonspawn Fighter began the quest for the Orb.
     0 | D:1      | Reached XP level 1. HP: 18/18 MP: 1/1
   199 | D:1      | Found a faded altar of an unknown god.
   209 | D:1      | Prayed at the altar of an unknown god.
   209 | D:1      | Became a worshipper of Jiyva Jylagi the Shapeless
   209 | D:1      | Reached * piety under Jiyva
   309 | D:1      | Gained mutation: Spells you cast may paralyse adjacent
                  | enemies. [demonic ancestry]
   309 | D:1      | Reached XP level 2. HP: 8/24 MP: 2/2
   311 | D:1      | Gained mutation: Your flesh is heat resistant. (rF+)
                  | [potion of mutation]
   311 | D:1      | Gained mutation: Your spells are a little easier to cast,
                  | but a little less powerful. [potion of mutation]
   311 | D:1      | Gained mutation: Your spells are easier to cast, but less
                  | powerful. [potion of mutation]
   311 | D:1      | Gained mutation: You possess an exceptional clarity of
                  | mind. [potion of mutation]
   643 | D:2      | Reached ** piety under Jiyva
   757 | D:2      | Reached XP level 3. HP: 29/29 MP: 3/3
   825 | D:2      | You fall into a shaft and drop 2 floors!
   935 | D:4      | Noticed Grinder
   946 | D:4      | Paralysed by Grinder for 2 turns
   971 | D:4      | Found a staircase to the Ecumenical Temple.
  1167 | D:3      | Reached *** piety under Jiyva
  1255 | D:3      | Lost mutation: Your spells are easier to cast, but less
                  | powerful. [Jiyva's grace]
  1255 | D:3      | Lost mutation: Your spells are a little easier to cast, but
                  | a little less powerful. [Jiyva's grace]
  1255 | D:3      | Gained mutation: Your spells are a little harder to cast,
                  | but a little more powerful. [Jiyva's grace]
  1255 | D:3      | Gained mutation: Your spells are harder to cast, but more
                  | powerful. [Jiyva's grace]
  1255 | D:3      | Gained mutation: Your spells are much harder to cast, but
                  | much more powerful. [Jiyva's grace]
  1260 | D:3      | Killed from afar by an orc priest

Illustrated notes

Levels and vault maps discovered:
D:1:      dpeg_arrival_rhombus, layout_rooms,
          hellmonk_ecumenical_altar_lost_god, columned_hall_lemuel
D:2:      minmay_roachtagon, layout_basic
D:3:      layout_basic, worldfamousw_hep_ancestral_shrine, kennysheep_cross_room
D:4:      layout_loops_corners, minmay_temple_entry_waves,
          serial_bayou_crossing, uniq_grinder

Skill      XL: |  1  2  3 |
---------------+----------+-----
Shields        | 3 |  3.0
Axes           | 2 3 |  3.0
Armour         | 3 |  3.0
Fighting       | |  3.3
Dodging        | |  0.3

Action                   || total
-------------------------++-------
Melee: War axe           ||   127
  Use: Scroll            ||     4
       Potion            ||     2
Armor: Scale mail        ||    94
Dodge: Dodged            ||    67
Block: Buckler           ||    36

Table legend: (Time is in decaauts)
 A = Elapsed time spent in this place.
 B = Non-inter-level travel time spent in this place.
 C = Inter-level travel time spent in this place.
 D = Time resting spent in this place.
 E = Time spent auto-exploring this place.
 F = Levels seen in this place.
 G = Mean time per level.
                   A        B        C        D        E       F      G
               +--------+--------+--------+--------+--------+-----+--------+
         Total |   1313 |   1291 |     22 |     13 |    738 |   4 |  328.2 |
       Dungeon |   1313 |   1291 |     22 |     13 |    738 |   4 |  328.2 |
               +--------+--------+--------+--------+--------+-----+--------+

Top non-repeatable levels by time:
     D:1: 652 daAuts
     D:4: 320 daAuts
     D:2: 206 daAuts
     D:3: 133 daAuts
